Cogmind - Beta 11.1 @@@ ROGUE MODE // 2022.05.15 @ 16:10:31 Player: Sara Result: Destroyed by G-47 Trooper with Particle Gun Performance ------------- Evolutions (2) 1000 Regions Visited (4) 800 Robots Destroyed (2) 10 Value Destroyed (2) 2 Prototype IDs (4) 80 Alien Tech Used (0) 0 Bonus (400) 400 TOTAL SCORE: 2292 Bonus ------- Pacifist 200 Entered Garrisons 200 Cogmind --------- Core Integrity 0/550 Matter 254/300 Energy 99/100 System Corruption 0% Temperature Cool (9) Movement Core (50) Location -8/Garrison Parts ------- > --- POWER (1) -------- (None) > --- PROPULSION (2) --- (None) > --- UTILITY (6) ------ (None) > --- WEAPON (2) ------- (None) > --- INVENTORY (5) ---- Ion Engine Light Ion Engine Beam Rifle Precision Assault Rifle Precision Assault Rifle Peak State ------------ > --- POWER ------------ (None) > --- PROPULSION ------- (None) > --- UTILITY ---------- Signal Interpreter > --- WEAPON ----------- Small Laser Cooled Particle Cannon > --- INVENTORY -------- Ion Engine Light Ion Engine Beam Rifle Assault Rifle [Rating: 7] Favorites ----------- Power None Propulsion None Utility Signal Interpreter Processor Signal Interpreter Weapon Small Laser Energy Gun Small Laser Energy Cannon Cooled Particle Cannon Ballistic Gun Assault Rifle Build | -11 -10 -9 -8 -8 ------- Run | Scr Mat Mat Mat Gar Slots Evolved 4 | . . 2 2 . Power . | . . . . . Propulsion . | . . . . . Utility 4 | . . 2 2 . Weapon . | . . . . . Parts Attached 5 | 2 . . 3 . Power . | . . . . . Engine . | . . . . . Core . | . . . . . Reactor . | . . . . . Propulsion . | . . . . . Treads . | . . . . . Leg . | . . . . . Wheel . | . . . . . Hover . | . . . . . Flight . | . . . . . Utility 1 | . . . 1 . Device . | . . . . . Storage . | . . . . . Processor 1 | . . . 1 . Hackware . | . . . . . Protection . | . . . . . Artifact . | . . . . . Weapon 4 | 2 . . 2 . Energy Gun 1 | 1 . . . . Energy Cannon 1 | . . . 1 . Ballistic Gun 2 | 1 . . 1 . Ballistic Cannon . | . . . . . Launcher . | . . . . . Special Weapon . | . . . . . Impact Weapon . | . . . . . Slashing Weapon . | . . . . . Piercing Weapon . | . . . . . Special Melee Weapon . | . . . . . Unidentified Prototypes 2 | . . . 2 . Parts Lost 1 | . 1 . . . Power . | . . . . . Propulsion . | . . . . . Utility . | . . . . . Weapon 1 | . 1 . . . Highest Loss Streak 1 | . 1 . . . To Critical Strikes . | . . . . . Average Slot Usage (%) 17 | . 26 11 17 . Processor 5 | . . . 8 . Energy Gun 9 | . 14 11 8 . Ballistic Gun 2 | . 12 . . . Naked Turns 62 | . . . 20 42 Heaviest Build 3 | 3 3 1 1 . Greatest Support 3 | 3 3 3 3 3 Greatest Overweight (x) . | . . . . . Average Overweight (x) . | . . . . . Largest Inventory Capacity 5 | 5 5 5 5 5 Average Capacity 5 | 5 5 5 5 5 Most Carried 5 | 3 4 5 5 5 Average Carried 4 | 1 3 4 4 5 Final Capacity 5 | 5 5 5 5 5 Final Carried 5 | 3 4 5 5 5 Class Distribution -------------------- 100% | Mutant Dominant Class ---------------- Mutant | -10/Materials Mutant | -9/Materials Mutant | -8/Materials Mutant | -8/Garrison Resources | -11 -10 -9 -8 -8 ----------- Run | Scr Mat Mat Mat Gar Matter Collected 182 | 126 . 22 34 . Remotely . | . . . . . Salvage Created 51 | . . 22 29 . Parts 5 | . . 2 3 . Haulers Intercepted . | . . . . . Recyclers Shooed . | . . . . . Parts Field Recycled . | . . . . . Retrieved Matter . | . . . . . Parts Self-Destructed . | . . . . . Prevented . | . . . . . Kills | -11 -10 -9 -8 -8 ------- Run | Scr Mat Mat Mat Gar Combat Hostiles Destroyed . | . . . . . Classes Destroyed 1 | . . 1 . . Worker 2 | . . 1 1 . Best Kill Streak 1 | . . 1 1 . Combat Bots Only . | . . . . . Max Kills in Single Turn 1 | . . 1 1 . Gunslinging . | . . . . . Exploded . | . . . . . Melee . | . . . . . Uniques/NPCs Destroyed . | . . . . . Combat | -11 -10 -9 -8 -8 -------- Run | Scr Mat Mat Mat Gar Damage Taken 792 | . 191 24 474 103 Core 648 | . 74 14 457 103 Absorbed by Shields . | . . . . . Core Remaining (%) 88 | 100 70 96 . . Volleys Fired 2 | . . 2 . . Largest 1 | . . 1 . . Hottest 40 | . . 40 . . Shots Fired 2 | . . 2 . . Gun 2 | . . 2 . . Cannon . | . . . . . Launcher . | . . . . . Special . | . . . . . Kinetic . | . . . . . Thermal 2 | . . 2 . . Explosive . | . . . . . Electromagnetic . | . . . . . Robot Hit Streak 2 | . . 2 . . Robot Miss Streak . | . . . . . Penetration Max . | . . . . . Secondary Targets . | . . . . . Shots Hit Robots 2 | . . 2 . . Core Hits 3 | . 1 1 1 . Critical Kills . | . . . . . Critical Parts Destroyed . | . . . . . Critical Strikes . | . . . . . Melee Attacks . | . . . . . Impact . | . . . . . Slashing . | . . . . . Piercing . | . . . . . Sneak Attacks . | . . . . . Combat Hostiles . | . . . . . Follow-up Attacks . | . . . . . Damage Inflicted 50 | . 13 21 16 . Guns 21 | . . 21 . . Cannons . | . . . . . Explosions . | . . . . . Melee . | . . . . . Ramming 29 | . 13 . 16 . Kinetic . | . . . . . Thermal 21 | . . 21 . . Explosive . | . . . . . Electromagnetic . | . . . . . Impact . | . . . . . Slashing . | . . . . . Piercing . | . . . . . Highest Corruption . | . . . . . Average Corruption . | . . . . . Corruption Purged . | . . . . . Corruption Blocked . | . . . . . Overload Shots . | . . . . . Overflow Damage . | . . . . . Projectiles . | . . . . . Explosions . | . . . . . Melee . | . . . . . Knockbacks . | . . . . . Impact . | . . . . . Kinetic . | . . . . . Secondary . | . . . . . Self-Inflicted Damage 14 | . 6 . 8 . Shots . | . . . . . Rammed 6 | . 5 . 1 . Targets Rammed 6 | . 5 . 1 . Kicked . | . . . . . Crushed . | . . . . . Highest Temperature 2 | . 2 . . . Average Temperature 2 | . 2 . . . Received Heat Transfer 99 | . 57 6 9 27 Siege Activations . | . . . . . Robots Corrupted . | . . . . . Combat Hostiles . | . . . . . Parts Fried . | . . . . . Impact Corruptions . | . . . . . Robots Melted . | . . . . . Combat Hostiles . | . . . . . Parts Melted . | . . . . . Heat Transferred 50 | . . 50 . . Parts Sabotaged . | . . . . . Parts Stolen . | . . . . . Parts Stripped . | . . . . . Power Chain Reactions . | . . . . . Missiles Intercepted . | . . . . . Alert | -11 -10 -9 -8 -8 ------- Run | Scr Mat Mat Mat Gar Peak Influence 92 | . 77 92 76 49 Initial 49 | . . 27 38 49 Average 35 | . 33 61 32 49 Maximum Alert Level . | . . . . . Low Security (%) 100 | 100 100 100 100 100 Level 1 . | . . . . . Level 2 . | . . . . . Level 3 . | . . . . . Level 4 . | . . . . . Level 5 . | . . . . . High Security . | . . . . . Max Security . | . . . . . Squads Dispatched 3 | . . 1 2 . Investigation . | . . . . . Extermination . | . . . . . Reinforcement 3 | . . 1 2 . Assault . | . . . . . Garrison . | . . . . . Intercept . | . . . . . Searches Triggered . | . . . . . Construction Impeded . | . . . . . Haulers Reinforced . | . . . . . Active Scanning Responses . | . . . . . Cargo Convoy Interrupts . | . . . . . Stealth | -11 -10 -9 -8 -8 --------- Run | Scr Mat Mat Mat Gar Distress Signals 2 | . . . 2 . Communications Jammed . | . . . . . Distress Signals . | . . . . . Times Spotted 39 | . 8 7 12 12 Peak Tracking Total 13 | . 5 5 13 12 Tactical Retreats 3 | . 1 2 . . Traps | -11 -10 -9 -8 -8 ------- Run | Scr Mat Mat Mat Gar Traps Triggered 1 | . 1 . . . Indirectly . | . . . . . Trap Hack Attempts . | . . . . . Triggered . | . . . . . Disarmed . | . . . . . Reprogrammed . | . . . . . Reused . | . . . . . Traps Extracted . | . . . . . Installed . | . . . . . Triggered . | . . . . . Machines | -11 -10 -9 -8 -8 ---------- Run | Scr Mat Mat Mat Gar Machines Disabled . | . . . . . Max in Single Turn . | . . . . . Machines Sabotaged . | . . . . . Garrisons Compromised . | . . . . . Overloaded Fab Kills . | . . . . . Hacking | -11 -10 -9 -8 -8 --------- Run | Scr Mat Mat Mat Gar Machines Accessed 9 | . 3 3 3 . Terminals 8 | . 3 3 2 . Fabricators . | . . . . . Repair Stations . | . . . . . Recycling Units . | . . . . . Scanalyzers . | . . . . . Garrison Access 1 | . . . 1 . Total Hacks 25 | . 10 10 5 . Successful 14 | . 6 4 4 . Failed 11 | . 4 6 1 . Catastrophic . | . . . . . Database Lockouts . | . . . . . Manual 18 | . 8 8 2 . Terminals 24 | . 10 10 4 . Fabricators . | . . . . . Repair Stations . | . . . . . Recycling Units . | . . . . . Scanalyzers . | . . . . . Garrison Access 1 | . . . 1 . Terminal Hacks 4 | . 3 . 1 . Prototype ID Bank 1 | . 1 . . . Branch Access Points 1 | . . . 1 . Terminal Index 1 | . 1 . . . Zone Layout 1 | . 1 . . . Fabricator Hacks . | . . . . . Repair Station Hacks . | . . . . . Recycling Unit Hacks . | . . . . . Scanalyzer . | . . . . . Garrison Access Hacks 1 | . . . 1 . Unlock Access 1 | . . . 1 . Unauthorized Hacks 9 | . 3 4 2 . Terminals 9 | . 3 4 2 . Track 5 | . 2 3 . . Assimilate 1 | . . . 1 . Botnet 1 | . . . 1 . Operators 2 | . 1 1 . . Fabricators . | . . . . . Repair Stations . | . . . . . Recycling Units . | . . . . . Scanalyzers . | . . . . . Garrison Access . | . . . . . Data Cores Recovered . | . . . . . Used . | . . . . . Hacking Detections 7 | . 2 3 2 . Full Trace Events 1 | . . 1 . . Feedback Events . | . . . . . Feedback Blocked . | . . . . . Robot Schematics Acquired . | . . . . . Robots Built . | . . . . . Authchips . | . . . . . Time . | . . . . . Total Robot Build Rating . | . . . . . Part Schematics Acquired . | . . . . . Parts Built . | . . . . . Authchips . | . . . . . Time . | . . . . . Total Part Build Rating . | . . . . . Parts Repaired . | . . . . . Time . | . . . . . Parts Recycled . | . . . . . Recycled Matter . | . . . . . Retrieved Matter . | . . . . . Retrieved Components . | . . . . . Parts Scanalyzed . | . . . . . Part Schematics Acquired . | . . . . . Parts Damaged . | . . . . . Bothacking | -11 -10 -9 -8 -8 ------------ Run | Scr Mat Mat Mat Gar Used RIF Installer . | . . . . . Robots Hacked . | . . . . . Non-combat . | . . . . . Combat . | . . . . . Robot Hacks Applied . | . . . . . Relay Couplers Released . | . . . . . Fabnet Peak Effective % . | . . . . . Robots Rewired . | . . . . . Allies Hacked . | . . . . . Hacks Repelled . | . . . . . Allies | -11 -10 -9 -8 -8 -------- Run | Scr Mat Mat Mat Gar Total Allies 1 | . . . 1 . Largest Group 1 | . . . 1 . Highest-Rated Group 10 | . . . 10 . Highest-Rated Ally 10 | . . . 10 . Total Orders . | . . . . . Ally Attacks . | . . . . . Total Damage . | . . . . . Kills . | . . . . . Allies Corrupted . | . . . . . Allies Melted . | . . . . . Intel | -11 -10 -9 -8 -8 ------- Run | Scr Mat Mat Mat Gar Robot Analysis Total . | . . . . . Derelict Logs Recovered . | . . . . . Drone Launches . | . . . . . Drone Recoveries . | . . . . . Exploration | -11 -10 -9 -8 -8 ------------- Run | Scr Mat Mat Mat Gar Turns Passed 797 | 35 117 85 518 42 Spaces Moved 687 | 57 213 151 187 79 Core 687 | 57 213 151 187 79 Treads . | . . . . . Legs . | . . . . . Wheels . | . . . . . Hover . | . . . . . Flight . | . . . . . Fastest Speed 50 | 50 50 50 50 50 Average Speed 50 | 50 50 50 50 50 Slowest Speed 50 | 50 50 50 50 50 Overloaded Moves . | . . . . . Propulsion Burnouts . | . . . . . Robots Hopped . | . . . . . Cave-ins Triggered . | . . . . . Exploration Rate (%) 23 | 4 49 25 20 20 Regions Visited 4 Branch Regions . Pre-discovered Areas . | . . . . . Known Exits Taken 1 | . . . 1 . Unknown Exits Taken 3 | 1 1 1 . . Scrap Searched . | . . . . . Spaces Dug . | . . . . . Terrain Destroyed . | . . . . . Melee . | . . . . . Projectile . | . . . . . AOE . | . . . . . Terrain Rammed . | . . . . . Walls Destroyed . | . . . . . Machines Disabled . | . . . . . Actions | -11 -10 -9 -8 -8 --------- Run | Scr Mat Mat Mat Gar Total 1134 | 62 222 157 612 81 Wait 425 | . 4 4 415 2 Move 684 | 56 212 150 187 79 Hop . | . . . . . Pick Up 8 | 4 1 1 2 . Fast Attach 3 | 1 . . 2 . Attach 2 | 1 . . 1 . Detach 1 | . . . 1 . Swap . | . . . . . Drop 3 | . . . 3 . Fire 2 | . . 2 . . Melee . | . . . . . Ram 6 | . 5 . 1 . Kick . | . . . . . Crush . | . . . . . Escape Stasis . | . . . . . Rewire . | . . . . . Trap . | . . . . . Miscellaneous . | . . . . . Route ------- -11/Scrapyard -10/Materials -9/Materials -8/Materials -8/Garrison History --------- Turn | Location | Event 2 | -11/Scrapyard | Discovered new exit (range 16) 36 | -11/Scrapyard | Entered Materials 148 | -10/Materials | Discovered new exit (range 10) 153 | -10/Materials | Entered another Materials area 153 | -9/Materials | Evolved 2 slots: Utility x2 235 | -9/Materials | Discovered new exit (range 5) 238 | -9/Materials | Entered another Materials area 238 | -8/Materials | Evolved 2 slots: Utility x2 316 | -8/Materials | Build established: Mutant 740 | -8/Materials | Core integrity fell below 50% 755 | -8/Materials | Core integrity fell below 20% 756 | -8/Materials | Identified exit to Garrison 756 | -8/Materials | Entered Garrison 776 | -8/Garrison | Triggered checkpoint 798 | -8/Garrison | Destroyed by G-47 Trooper with Particle Gun Last Messages --------------- 00736_ Signal Interpreter severed. 00736_ Slug penetrates Wall. 00737_ U-05 Engineer lays Concrete. 00739_ Penetrated by Slug. 00739_ U-05 Engineer builds a Wall. 00739_ Acquired 2 matter. 00741_ Slammed into K-01 Serf. 00741_ K-01 Serf destroyed. 00741_ C-17 Slicer knocked back. 00742_ Acquired 29 matter. 00742_ Penetrated by Slug. 00756_ ALERT: Hostiles spotted, dispatching reinforcements to Terminal M001. 00756_ Connecting with Garrison Access... >>Unlock Access door unlocked. 00756_ EXIT=UNLOCKED: GARRISON LOCATION=GARRISON GOAL=ESCAPE 00776_ Beams of light sweep through the air. An alarm sounds. Map ----- +----------------------------------------------------+ | ?????????????????????????????????????????????????? | | ?????????????????????????????????????????????????? | | ?????????????????????????????????????????????????? | | ?????????????????????????????????????????????????? | | ?????????????????????????????????????????????????? | | ?????????????????????????????????????????????????? | | ?????????????????????????????????????????????????? | | ?????????????????????????????????????????????????? | | ?????????????????????????????????????????????????? | | ?????????????????????????????????????????????????? | | ?????????????????????????????????????????????????? | | ?????????????????????????????????????????????????? | | ?????????????????????????????????????????????????? | | ?????????????????# ??????????????????????????????? | | ?????????????????# ??????????????????????????????? | | ?????????????????? ?????????????????????????????? | | ????????????????## ##""""##???#?????????????????? | | ?????????????#### ?? ####??????????????? | | ????????????? ?? ???????????????? | | ??????????????? ? ?? ????????????????? | | ????????????????# ?# #? #?????????????????? | | ??????????????### ## ## #?????????????????? | | ??????????????# "?????????????????? | | ??????????????# "?????????????????? | | ??????????????# "?????????????????? | | ??????????????# g @ "?????????????????? | | ????????????????#g ## ## #?????????????????? | | ??????########### ## ## ####??????????????? | | ??????# ???????????? | | ??????# ???????????? | | ??????# ######## ##### #???????????? | | ??????# #??????## s##s ## #?????????????????? | | ??????# #???????# ## sss#? #?????????????????? | | ####### #???????#s #######?? #?????????????????? | | #???????# #????????? #?????????????????? | | ####### #???????# #????????? #?????????????????? | | ??????# #???????# #??????????#?????????????????? | | ??????# ######### #????????????????????????????? | | ??????# #????????????????????????????? | | ??????# #????????????????????????????? | | ??????# ############????????????????????????????? | | ??????# #???????????????????????????????????????? | | ??????# #???????????????????????????????????????? | | ??????# #???????????????????????????????????????? | | ??????# #???????????????????????????????????????? | | ??????# #???????????????????????????????????????? | | ??????# #???????????????????????????????????????? | | ??????# #???????????????????????????????????????? | | ??????# #???????????????????????????????????????? | | ??????# #???????????????????????????????????????? | +----------------------------------------------------+ Best States ------------- Heat Dissipation 31 Energy Generation 5 Energy Capacity 100 Matter Stores 254 Matter Capacity 300 Sight Range 16 Terrain Scan Density 10 Evasion (%) 50 Item Schematics ----------------- None Robot Schematics ------------------ None Fabricated ------------ Nothing Alien Tech Used ----------------- None Achievements -------------- None Challenges ------------ None Game ------ Seed GravmagIonicSteel Manual? 0 Play Time 00:07:56 Cumulative 104.1 hours Start 2022.05.15 @ 16:02:25 End 2022.05.15 @ 16:10:31 Sessions 1 Manual Loads 0 Difficulty Rogue Special Mode None Game No. 143 Rogue 143 Adventurer 0 Explorer 0 Win Type - Total 1 Types 1/0/0/0/0/0/0/0/0 Lore% 58 Gallery% 55 Achievement% 48 Wizard Run 0 Options --------- ASCII 0 Keyboard 0 Movement Numpad Keybinds 0 Fullscreen 1 Font 18/X11Bold Map View 76x50 Tactical HUD 1 Map Filters NONE Filters NONE Steam X RUN: 381a2122-e277-49a3-a22b-0405b72e4a16